 Dungeon Crawl Stone Soup version 0.30-b1-2-g02819fbbbe (webtiles) character file.

Game seed: 18438767591928980052

65 lakpap the Grave Robber (level 4, -6/33 HPs)
             Began as a Ghoul Necromancer on Nov 22, 2023.
             Mangled by Sigmund
             ... wielding a +0 scythe
              (12 damage)
             ... on level 2 of the Dungeon.
             The game lasted 00:11:08 (1379 turns).

lakpap the Grave Robber (Ghoul Necromancer)         Turns: 1379, Time: 00:11:09

Health: -6/33      AC:  3    Str: 11    XL:     4   Next: 13%
Magic:  1/6        EV: 17    Int: 12    God:
Gold:   68         SH:  0    Dex:  9    Spells: 6/7 levels left

rFire   . . .        l - +1 hand axe (venom)
rCold   + . .        (no shield)
rNeg    + + +        a - +0 robe
rPois   ∞            (no helmet)
rElec   .            (no cloak)
rCorr   .            (no gloves)
SInv    .            f - +0 pair of boots
Will    .....        (no amulet)
Stlth   ++           h - +5 ring of evasion
HPRegen 0.00/turn    (no ring)
MPRegen 0.10/turn

%: no passive effects
@: inhibited regen
A: claws 1, cold resistance 1, negative energy resistance 3, inhibited
regeneration, torment resistance 2, devour on kill
a: no special abilities


You were on level 2 of the Dungeon.
You visited 1 branch of the dungeon, and saw 2 of its levels.

You collected 68 gold pieces.

Inventory:

Hand Weapons
 j - a +0 short sword
 l - a +1 hand axe of venom (weapon)
Missiles
 d - 21 poisoned darts (quivered)
 k - 10 stones
Armour
 a - a +0 robe (worn)
 f - a +0 pair of boots (worn)
 n - a +0 scale mail
Jewellery
 h - a +5 ring of evasion (left claw)
 r - a ring of resist corrosion
Scrolls
 e - 3 scrolls of identify {unknown}
 g - 2 scrolls of teleportation {unknown}
 i - 2 scrolls of blinking {unknown}
 p - a scroll of brand weapon {unknown}
Potions
 b - a potion of magic
 c - 2 potions of might {unknown}
 m - a potion of mutation {unknown}
 o - a potion of berserk rage {unknown}
 q - a potion of flight {unknown}


   Skills:
 + Level 2.4 Dodging
 + Level 3.1 Stealth
 + Level 2.3 Spellcasting
 + Level 4.4 Necromancy


You had 6 spell levels left.
You knew the following spells:

 Your Spells              Type           Power      Damage    Failure   Level
a - Necrotise             Necr           48%        1d6       4%          1

Your spell library contained the following spells:

 Spells                   Type           Power      Damage    Failure   Level
 Vampiric Draining        Necr           12%        2d6       13%         3
 Magic Dart               Conj           4%         1d3       26%         1
 Call Imp                 Summ           2%         N/A       36%         2
 Animate Dead             Necr           12%        N/A       38%         4
 Gell's Gravitas          Tloc           1%         N/A       61%         3
 Mephitic Cloud           Conj/Pois/Air  1%         N/A       61%         3
 Teleport Other           Tloc           1%         N/A       61%         3
 Agony                    Necr           12%        N/A       75%         5
 Dispersal                Tloc           0%         N/A       100%        6


Dungeon Overview and Level Annotations

Branches:
Dungeon (2/15)

Altars:

Annotations:
D:2 Natasha, Sigmund


Innate Abilities, Weirdness & Mutations

You are immune to poison.
You have sharp fingernails.
Your flesh is cold resistant. (rC+)
You are immune to negative energy. (rN+++)
You do not regenerate when monsters are visible.
You are immune to unholy pain and torment.
You thrive by killing the living.


Message History

a +0 dagger; a +0 flail You hit the gnoll.
The gnoll is poisoned.
The gnoll is moderately wounded.
The gnoll misses you. Something barely misses you.
You barely miss the gnoll.
The gnoll is heavily wounded.
The gnoll closely misses you. The gnoll hits you with a +0 halberd.
Something barely misses you.
Casting: Necrotise (safe; 4% risk of failure)
Confirm with . or Enter, or press ? or * to list all spells.
You don't have enough magic to cast this spell.
You barely miss the gnoll.
The gnoll is heavily wounded.
The gnoll misses you.
You hit the gnoll but do no damage.
The gnoll is heavily wounded.
Something closely misses you. The gnoll misses you.
You hit the gnoll.
The gnoll looks even sicker.
The gnoll is heavily wounded.
The gnoll barely misses you.
The endoplasm jiggles.
Something barely misses you. The gnoll hits you with a +0 halberd!
You slash the gnoll!
You kill the gnoll!
You feel better. Something hits you.
You have reached level 4!
You hit the gnoll. You claw the gnoll.
The gnoll is severely wounded.
The gnoll barely misses you. Something hits you but does no damage.
You barely miss the gnoll.
The gnoll is severely wounded.
The gnoll hits you with a +0 flail. Something barely misses you.
You hit the gnoll but do no damage.
The gnoll is severely wounded.
The gnoll barely misses you. x2; Something hits you.
* * * LOW HITPOINT WARNING * * *
You hit the gnoll.
The gnoll is almost dead.
The gnoll misses you. Something hits you!
You die...

.∩........8# .#...# ...........#
## .#...# ...........#
..####..... .8..8..♣..♣#
#......... ...........#
.##......8.. ...........#
......r.g†.. .♣..♣..8..♣# #.#
###gJ...
...###.###.#######Z..#####.g#...#
..## #..##......@gJ.....#...#...#
### ##.....######{.....#<.##...#
###...# .....#### ...# ##..# ....
#..# #.## ... #.# ### ## .#


You could see a gnoll, an endoplasm and a bat skeleton.

Vanquished Creatures
  2 gnolls (D:2)
  An adder (D:2)
  2 worms (D:2)
  2 endoplasms (D:1)
  2 giant cockroaches
  3 hobgoblins
  4 ball pythons
  4 bats
  2 frilled lizards (D:1)
  4 goblins
  3 kobolds
29 creatures vanquished.

Vanquished Creatures (collateral kills)
  A dart slug (D:2)
  A kobold (D:1)
2 creatures vanquished.

Vanquished Creatures (others)
  15 withered plants (D:2)
15 creatures vanquished.

Grand Total: 46 creatures vanquished

Notes
Turn   | Place    | Note
-------+----------+-------------------------------------------
     0 | D:1      | lakpap the Ghoul Necromancer began the quest for the Orb.
     0 | D:1      | Reached XP level 1. HP: 14/14 MP: 2/2
   261 | D:1      | Reached XP level 2. HP: 14/20 MP: 0/3
   837 | D:2      | Reached XP level 3. HP: 25/26 MP: 0/5
  1142 | D:2      | Found a faded altar of an unknown god.
  1316 | D:2      | Noticed Natasha
  1365 | D:2      | Noticed Sigmund
  1376 | D:2      | Reached XP level 4. HP: 16/33 MP: 1/6
  1379 | D:2      | Mangled by Sigmund

Illustrated notes

Levels and vault maps discovered:
D:1:      beargit_arrival_greenhouse, layout_rooms, columned_hall_lemuel,
          minmay_pentomino_z2
D:2:      layout_basic, hellmonk_ecumenical_altar_arch_garden,
          grunt_ministairs_6, dilly_guarded_unrand_morg, uniq_sigmund

Skill      XL: |  1  2  3 |
---------------+----------+-----
Dodging        | 2 |  2.4
Spellcasting   | 2 |  2.3
Stealth        | 3 |  3.1
Necromancy     | |  4.4

Action                     |  1- 3 |  4- 6 || total
---------------------------+-------+-------++-------
  Melee: Unarmed           |    21 |       ||    21
         Short sword       |    14 |       ||    14
         Hand axe          |    34 |     4 ||    38
         Punch             |       |     1 ||     1
   Cast: Necrotise         |    45 |       ||    45
 Armour: Robe              |    14 |     1 ||    15
  Dodge: Dodged            |    78 |     5 ||    83
